 Dungeon Crawl Stone Soup version 0.22.1-2-g9c5b331 (webtiles) character file.

9069 whitewolfNL the Basher (level 11, -1/81 HPs)
             Began as a Minotaur Berserker on Nov 27, 2018.
             Was a High Priest of Trog.
             Slain by a spriggan
             ... wielding a +0 spear
              (9 damage)
             ... on level 1 of the Lair of Beasts.
             The game lasted 00:59:58 (11549 turns).

whitewolfNL the Basher (Minotaur Berserker)        Turns: 11549, Time: 00:59:59

Health: -1/81      AC: 16    Str: 23    XL:     11   Next: 18%
Magic:  13/13      EV: 14    Int:  5    God:    Trog [*****.]
Gold:   595        SH:  5    Dex: 14    Spells: 10/10 levels left

rFire    . . .     SeeInvis +   m - +0 mace (drain)
rCold    . . .     Gourm    .   y - +0 buckler
rNeg     . . .     Faith    .   L - +0 chain mail
rPois    .         Spirit   .   n - +2 hat
rElec    .         Reflect  .   (no cloak)
rCorr    .         Harm     .   O - +1 pair of gloves
MR       +....                  (no boots)
Stlth    ..........             p - amulet of rage
HPRegen  0.23/turn              g - +5 ring of dexterity
MPRegen  0.13/turn              u - ring of see invisible

@: berserk cooldown, slowed, very slow
A: retaliatory headbutt, horns 2, repulsion field 1, dopey 1, frail 1, magic
resistance 1
a: Berserk, Trog's Hand, Brothers in Arms, Renounce Religion, Evoke Berserk Rage


You were on level 1 of the Lair of Beasts.
You worshipped Trog.
Trog was extremely pleased with you.
You were not hungry.

You visited 2 branches of the dungeon, and saw 10 of its levels.

You collected 670 gold pieces.
You spent 75 gold pieces at shops.

Inventory:

Hand Weapons
 d - a +7 arbalest of flaming
 m - a +0 mace of draining (weapon)
 t - a +0 blowgun
 A - a +1 halberd of venom
Missiles
 f - 127 arrows
 j - 48 sling bullets
 k - 59 bolts
 o - 530 stones (quivered)
Armour
 n - a +2 hat (worn)
 y - a +0 buckler (worn)
 L - a +0 chain mail (worn)
 O - a +1 pair of gloves (worn)
Jewellery
 g - a +5 ring of dexterity (left hand)
 h - an uncursed ring of protection from fire
 p - an amulet of rage (around neck)
 s - an uncursed ring of protection from cold
 u - a ring of see invisible (right hand)
 E - an uncursed ring of flight
Wands
 w - a wand of acid (17)
 C - a wand of flame (15)
 N - a wand of polymorph (10)
Scrolls
 a - 4 scrolls of remove curse
 e - a scroll of blinking
 l - a scroll of amnesia {unknown}
 q - a scroll of fog {unknown}
 r - a scroll of fear
 x - 2 scrolls of teleportation {unknown}
 D - 2 scrolls of magic mapping
 I - a scroll of silence {unknown}
Potions
 b - 2 potions of might
 i - a potion of berserk rage {unknown}
 v - 2 potions of ambrosia
 z - 2 potions of flight
 B - 2 potions of cancellation
 F - 2 potions of haste
 G - a potion of heal wounds {unknown}
 J - 4 potions of lignification
 K - 2 potions of curing
Comestibles
 c - 8 rations


   Skills:
 + Level 6.8 Fighting
 * Level 12.2 Maces & Flails
 * Level 2.6 Crossbows
 * Level 11.3 Armour
 * Level 6.2 Dodging
 - Level 4.0 Stealth
 - Level 4.0 Shields
 * Level 4.5 Evocations


You had 10 spell levels left.
You didn't know any spells.
Your spell library was empty.

Dungeon Overview and Level Annotations

Branches:
Dungeon (9/15)             Temple (0/1) D:4            Lair (1/6) D:9
    Orc: D:9-12

Altars:
Ashenzari
Dithmenos
Fedhas
Hepliaklqana
Okawaru
Sif Muna
Uskayaw
Xom

Shops:
D:8 *

Annotations:
Lair:1 bmj180's ghost, journeyman TrMo


Innate Abilities, Weirdness & Mutations

You reflexively headbutt those who attack you in melee.
You have a pair of horns on your head.
You are surrounded by a mild repulsion field. (EV +2)
You are dopey. (Int -2)
You are frail. (-10% HP)
You are resistant to hostile enchantments. (MR+)


Message History

The black bear is lightly wounded.
The spriggan hits you but does no damage.
The black bear completely misses you. You furiously retaliate!
You headbutt the black bear! You block the black bear's attack.
The black bear closely misses you. Bmj180's ghost hits you!!
The spriggan hits you from afar with a spear.
* * * LOW HITPOINT WARNING * * *
The black bear bites you but does no damage.
The black bear claws you.
* * * LOW HITPOINT WARNING * * *
The black bear closely misses you. You block bmj180's ghost's attack.
As you read the scroll of fear, it crumbles to dust.
You assume a fearsome visage.
The black bear looks frightened!
Bmj180's ghost is unaffected.
The polar bear looks frightened!
The spriggan resists with almost no effort.
The spriggan looks frightened!
Bmj180's ghost hits you!
* * * LOW HITPOINT WARNING * * *
The spriggan cries, "Mercy!"
The spriggan hits you from afar with a spear!
You die...

#.#.........#..........#....
#.#.........................
#.#.........#...............
#.#.........♣♣♣♣.♣.....#....
#...........♣. ♣♣♣♣....#....
#.#.........#♣♣..P♣♣...'....
##.#.........⌠#.P♣ .♣...#....
#..##.P#####..#.♣ ..♣##......
##..........@Wii♣.♣ ♣........
##............#...♣ ♣........
#...........hh#..♣P.♣........
##...........#♣..♣ ♣........
#...........♣..♣♣ ♣.........
#...........♣♣♣♣ #.###.#....
#.#####.###....# #. ###...>
#.........#....# #+### #....
#.#............###...###....


You could see a polar bear (fleeing), a black bear (fleeing), 2 spriggans and
bmj180's ghost.

Vanquished Creatures
  A two-headed ogre (D:9)
  3 spiny frogs (Lair:1)
  A komodo dragon (Lair:1)
  Grinder (D:6)
  2 hornets (D:8)
  2 hippogriffs
  3 yaks (D:9)
  Eustachio (D:6)
  A steam dragon (D:8)
  Menkaure (D:7)
  2 soldier ants (D:8)
  A porcupine (Lair:1)
  5 water moccasins (Lair:1)
  An ice beast (D:6)
  4 orc warriors
  2 sky beasts
  2 phantoms
  A black bear (D:7)
  4 necrophages (D:8)
  5 ogres
  5 wolves (Lair:1)
  A centaur (D:5)
  A crocodile (D:7)
  2 big kobolds (D:3)
  6 bullfrogs
  4 scorpions
  4 howler monkeys
  5 crimson imps
  A bullfrog zombie (D:8)
  4 centaur zombies
  3 jellies
  8 orc priests
  A bullfrog skeleton (D:9)
  2 hounds
  13 orc wizards
  A centaur skeleton (D:8)
  3 iguanas
  9 worker ants
  A worker ant zombie (D:7)
  4 adders
  2 gnolls (D:3)
  An adder zombie (D:9)
  3 oozes
  An adder skeleton (D:9)
  2 worms (D:2)
  4 dart slugs
  7 leopard geckos
  38 orcs
  2 ball pythons
  4 bats
  12 giant cockroaches
  7 goblins
  9 hobgoblins
  12 jackals
  A quokka (D:3)
  4 frilled lizards
  48 kobolds
  A leopard gecko zombie (D:8)
  2 quokka zombies
  2 rats (D:1)
  A bush (D:8)
284 creatures vanquished.

Vanquished Creatures (others)
  A quokka (D:8)
  A bush (D:8)
  5 fungi (Lair:1)
  6 plants
13 creatures vanquished.

Grand Total: 297 creatures vanquished

Notes
Turn   | Place    | Note
-------+----------+-------------------------------------------
     0 | D:1      | whitewolfNL the Minotaur Berserker began the quest for the
                  | Orb.
     0 | D:1      | Reached XP level 1. HP: 19/19 MP: 0/0
   127 | D:1      | Reached XP level 2. HP: 27/27 MP: 1/1
   127 | D:1      | Reached skill level 4 in Maces & Flails
   762 | D:2      | Reached XP level 3. HP: 32/33 MP: 2/2
   837 | D:2      | Reached XP level 4. HP: 40/40 MP: 3/3
   859 | D:2      | Reached skill level 5 in Maces & Flails
   893 | D:2      | Found a shimmering altar of Xom.
   895 | D:2      | Reached ** piety under Trog
   895 | D:2      | Reached skill level 1 in Stealth
  1413 | D:3      | Gained mutation: You are surrounded by a mild repulsion
                  | field. (EV +2) [potion of mutation]
  1413 | D:3      | Gained mutation: You are dopey. (Int -2) [potion of
                  | mutation]
  1413 | D:3      | Gained mutation: You are frail. (-10% HP) [potion of
                  | mutation]
  1413 | D:3      | Gained mutation: You are resistant to hostile enchantments.
                  | (MR+) [potion of mutation]
  1672 | D:3      | Reached XP level 5. HP: 41/41 MP: 4/4
  2307 | D:3      | Reached *** piety under Trog
  2597 | D:3      | Reached skill level 6 in Maces & Flails
  2597 | D:3      | Reached XP level 6. HP: 26/47 MP: 5/5
  3285 | D:4      | Reached skill level 7 in Maces & Flails
  3285 | D:4      | Reached XP level 7. HP: 28/54 MP: 6/6
  3580 | D:4      | Reached skill level 5 in Armour
  3845 | D:4      | Found a staircase to the Ecumenical Temple.
  4260 | D:5      | Entered Level 5 of the Dungeon
  4272 | D:5      | Reached **** piety under Trog
  4454 | D:5      | Found an iron altar of Okawaru.
  4678 | D:5      | Reached skill level 1 in Evocations
  4678 | D:5      | Reached XP level 8. HP: 54/60 MP: 7/7
  4717 | D:5      | Reached skill level 8 in Maces & Flails
  4934 | D:6      | Reached skill level 5 in Fighting
  4957 | D:6      | Noticed Grinder
  4961 | D:6      | Noticed Eustachio
  5304 | D:6      | You fall through a shaft for 2 floors!
  5388 | D:8      | Noticed a hippogriff
  5402 | D:8      | Killed a hippogriff
  5402 | D:8      | Reached ***** piety under Trog
  5402 | D:8      | Reached skill level 9 in Maces & Flails
  5402 | D:8      | Reached skill level 1 in Shields
  5535 | D:8      | Reached XP level 9. HP: 34/66 MP: 9/9
  5992 | D:8      | Found a blossoming altar of Fedhas.
  6236 | D:8      | Found Begre's General Store.
  6239 | D:8      | Bought a scroll of identify for 30 gold pieces
  6239 | D:8      | Bought a scroll of remove curse for 45 gold pieces
  6686 | D:9      | Reached skill level 10 in Maces & Flails
  6708 | D:9      | Reached skill level 5 in Dodging
  7151 | D:9      | Found a staircase to the Lair.
  7560 | D:9      | Reached XP level 10. HP: 45/74 MP: 11/11
  7811 | D:9      | Noticed a two-headed ogre
  7826 | D:9      | Killed a two-headed ogre
  7826 | D:9      | Reached skill level 11 in Maces & Flails
  8315 | D:8      | Paralysed by a hornet for 3 turns
  8321 | D:8      | Reached skill level 10 in Armour
  8591 | D:8      | Paralysed by a hornet for 3 turns
  8599 | D:8      | Received a gift from Trog
  9145 | D:7      | Found a hazy altar of Hepliaklqana.
  9148 | D:7      | Found a hide-covered altar of Uskayaw.
  9148 | D:7      | Found a shattered altar of Ashenzari.
  9152 | D:7      | Found a shadowy altar of Dithmenos.
  9245 | D:7      | Noticed Menkaure
  9249 | D:7      | Killed Menkaure
  9288 | D:7      | Reached skill level 1 in Crossbows
  9579 | D:6      | Killed Eustachio
  9636 | D:6      | Killed Grinder
 10027 | D:6      | Found a deep blue altar of Sif Muna.
 10407 | Lair:1   | Entered Level 1 of the Lair of Beasts
 10415 | Lair:1   | Noticed a spiny frog
 10426 | Lair:1   | Killed a spiny frog
 10633 | Lair:1   | Noticed a spiny frog
 10640 | Lair:1   | Killed a spiny frog
 10640 | Lair:1   | Reached XP level 11. HP: 81/81 MP: 13/13
 10830 | Lair:1   | Reached skill level 12 in Maces & Flails
 11474 | Lair:1   | Found a runed door.
 11506 | Lair:1   | Noticed bmj180's ghost (journeyman TrMo)
 11549 | Lair:1   | Slain by a spriggan

Skill      XL: |  1  2  3  4  5  6  7  8  9 10 11 |
---------------+----------------------------------+-----
Maces & Flails | 4 5 6 7 9 10 11 12 | 12.2
Fighting       | 4 5 6 |  6.8
Stealth        | 1 2 3 4 |  4.0
Armour         | 3 4 6 7 9 11 | 11.3
Dodging        | 3 4 5 6 |  6.2
Evocations     | 1 2 3 4 |  4.5
Shields        | 1 3 4 |  4.0
Crossbows      | 2 |  2.6

Action                   |  1- 3 |  4- 6 |  7- 9 | 10-12 || total
-------------------------+-------+-------+-------+-------++-------
Melee: Mace              |    34 |   145 |   367 |   241 ||   787
       Headbutt          |     7 |    25 |    97 |    49 ||   178
Invok: Berserk           |     2 |     4 |    13 |    14 ||    33
Evoke: Wand              |       |       |     7 |       ||     7
  Use: Potion            |       |     7 |     1 |       ||     8
       Scroll            |       |     2 |     8 |     8 ||    18
 Stab: Sleeping          |     1 |       |       |       ||     1
  Eat: Chunk             |     2 |    10 |    14 |    13 ||    39
       Ration            |       |       |     4 |     4 ||     8
Armor: Animal skin       |     2 |       |       |       ||     2
       Leather armour    |     2 |       |       |       ||     2
       Chain mail        |     5 |    85 |   169 |   122 ||   381
Dodge: Dodged            |    28 |   112 |   205 |   201 ||   546
Block: Buckler           |       |       |    17 |    67 ||    84
